 Dungeon Sprint DCSS version 0.30.1-9-gdf580d7c3d (webtiles) character file.

Game seed: 3630182651466970551

2471 Heoruswealwe the Impaler (level 9, -8/93 HPs)
             Began as a Minotaur Fighter on Oct 5, 2023.
             Was an Initiate of Gozag.
             Hit by a large rock thrown by a cyclops (20 damage)
             ... in the Dungeon (Sprint IX: "|||||||||||||||||||||||||||||").
             The game lasted 00:03:52 (334 turns).

Heoruswealwe the Impaler (Minotaur Fighter)          Turns: 334, Time: 00:03:53

Health: -8/93      AC: 15    Str: 28    XL:     9   Next: 26%
Magic:  8/8        EV:  9    Int:  5    God:    Gozag
Gold:   621        SH:  0    Dex: 10    Spells: 8/8 levels left

rFire   . . .        b - +2 halberd (venom)
rCold   . . .        (shield currently unavailable)
rNeg    . . .        c - +1 chain mail
rPois   .            (helmet restricted)
rElec   .            (no cloak)
rCorr   .            (no gloves)
SInv    .            e - +0 pair of boots
Will    .....        (no amulet) Stlth
                     k - +3 ring of strength
HPRegen 0.35/turn    (no ring)
MPRegen 0.11/turn

%: no teleportation
@: gold aura
A: horns 2, retaliatory headbutt
a: Renounce Religion, Potion Petition, Call Merchant, Bribe Branch


You were in the Dungeon.
You worshipped Gozag.
Gozag was pleased with you.
You visited 1 branch You collected 621 gold pieces.

Inventory:

Hand Weapons
 a - a +0 trident
 b - a +2 halberd of venom (weapon)
Armour
 c - a +1 chain mail (worn)
 d - a +0 buckler
 e - a +0 pair of boots (worn)
Jewellery
 k - a +3 ring of strength (left hand)
Wands
 h - a wand of quicksilver (10)
Scrolls
 j - 2 scrolls of blinking
Potions
 g - a potion of haste
 i - a potion of berserk rage
 l - 4 potions of curing
 m - a potion of might


   Skills:
 + Level 13.2 Fighting
 * Level 17.7 Polearms
 + Level 13.2 Armour
 - Level 3.6 Shields


You had 8 spell levels left.
You didn't know any spells.
Your spell library was empty.

Dungeon Overview and Level Annotations

Branches:
Dungeon (1/1)

Altars:
Cheibriados
Dithmenos
Elyvilon
Fedhas
Gozag
Hepliaklqana
Kikubaaqudgha
Makhleb
Nemelex Xobeh
Okawaru
Qazlal
Ru
Sif Muna
Trog
Uskayaw
Vehumet
Wu Jian
Xom
Yredelemnul
Zin
The Shining One
Jiyva
Lugonu


Innate Abilities, Weirdness & Mutations

You have a pair of horns on your head.
You reflexively headbutt those who attack you in melee.


Message History

Your Armour skill increases to level 12!
You feel much better. Something hits you.
Something bites you but does no damage.
You closely miss something. Something hits you! Something bites you.
Something draws strength from your injuries!
You barely miss something. You hit something but do no damage.
Your headbutt misses something. You hit something but do no damage.
Something hits you but does no damage. Something bites you but does no damage.
You hit something. Your headbutt misses something. Something hits you.
Something bites you but does no damage.
You barely miss something. You headbutt something! You miss something.
Your headbutt misses something. Something draws life force from you.
You closely miss something. Something completely misses you.
Something bites you but does no damage.
You impale something!!
Reactivating autopickup.
You feel a bit more experienced.
Reach: b) +2 halberd (venom)
Press: ? - help, Dir - move target, f - two-headed ogre
Aim: a two-headed ogre, wielding a +0 giant spiked club and a +0 giant club (about 20% to evade your +2 halberd of venom)
You reach to attack!
You slice the two-headed ogre!!
The two-headed ogre is severely wounded.
You puncture the two-headed ogre!
The two-headed ogre is poisoned.
You headbutt the two-headed ogre.
You kill the two-headed ogre!
The cyclops throws a large rock.
The large rock hits you!!
* * * LOW HITPOINT WARNING * * *
Your Fighting skill increases to level 13!
Your Polearms skill increases to level 17!
Your Armour skill increases to level 13!
You have reached level 9!
Your experience leads to an increase in your attributes!
Your base attributes are Str 23, Int 5, Dex 10.
Increase (S)trength, (I)ntelligence, or (D)exterity?
You feel stronger. x2
You feel better.
The cyclops throws a large rock.
The large rock hits you!!
You die...
Your body crumbles into a pile of gold.

▓.▓
▓.▓
▓.▓
▓c▓
▓C▓
▓.▓
▓$▓
$
▓@▓
$
▓.▓
$ $
▓.▓
$
▓.▓
$
▓)▓
$
▓)▓
$
▓)▓
$
▓.▓
$
▓.▓


You could see a centaur warrior and a cyclops.

Vanquished Creatures
  A two-headed ogre (D)
  2 ugly things (D)
  A gargoyle (D)
  A vampire (D)
  A vampire mosquito (D)
  An acid dragon (D)
  A water moccasin (D)
  An orc warrior (D)
  2 centaurs (D)
  An iguana (D)
  2 adders (D)
  A white imp (D)
  A dart slug (D)
  A quokka (D)
  2 kobolds (D)
  A rat (D)
20 creatures vanquished.

Notes
Turn   | Place    | Note
-------+----------+-------------------------------------------
     0 | D        | Heoruswealwe the Minotaur Fighter began the quest for the
                  | Orb.
     0 | D        | Reached XP level 1. HP: 19/19 MP: 0/0
     6 | D        | Banished a spatial maelstrom
     8 | D        | Reached skill level 3 in Polearms
    42 | D        | Noticed an iguana
    42 | D        | Noticed a water moccasin
    53 | D        | Reached skill level 4 in Polearms
    53 | D        | Reached XP level 2. HP: 16/28 MP: 1/1
    58 | D        | Killed a water moccasin
    59 | D        | Reached skill level 8 in Polearms
    59 | D        | Reached XP level 3. HP: 20/38 MP: 2/2
    59 | D        | Reached XP level 4. HP: 24/45 MP: 3/3
    64 | D        | Reached XP level 5. HP: 26/52 MP: 4/4
    67 | D        | Reached skill level 9 in Polearms
    72 | D        | Found a snail-covered altar of Cheibriados.
    72 | D        | Found a shadowy altar of Dithmenos.
    72 | D        | Found a white marble altar of Elyvilon.
    72 | D        | Found a blossoming altar of Fedhas.
    72 | D        | Found an opulent altar of Gozag.
    73 | D        | Found a hazy altar of Hepliaklqana.
    74 | D        | Found a viscous altar of Jiyva.
    75 | D        | Found an ancient bone altar of Kikubaaqudgha.
    76 | D        | Found a corrupted altar of Lugonu.
    77 | D        | Found a burning altar of Makhleb.
    78 | D        | Found a sparkling altar of Nemelex Xobeh.
    79 | D        | Found an iron altar of Okawaru.
    80 | D        | Became a worshipper of Gozag Ym Sagoz the Greedy
    81 | D        | Found a stormy altar of Qazlal.
    82 | D        | Found a sacrificial altar of Ru.
    83 | D        | Found a shimmering blue altar of Sif Muna.
    84 | D        | Found a bloodstained altar of Trog.
    85 | D        | Found a hide-covered altar of Uskayaw.
    86 | D        | Found a radiant altar of Vehumet.
    87 | D        | Found an ornate altar of the Wu Jian Council.
    88 | D        | Found a shimmering altar of Xom.
    89 | D        | Found a basalt altar of Yredelemnul.
    90 | D        | Found a glowing silver altar of Zin.
    91 | D        | Found a glowing golden altar of the Shining One.
   168 | D        | Noticed a centaur
   168 | D        | Noticed a gargoyle
   168 | D        | Noticed a vampire mosquito
   168 | D        | Noticed a centaur
   168 | D        | Noticed an orc warrior
   168 | D        | Noticed an acid dragon
   173 | D        | Killed an acid dragon
   174 | D        | Reached skill level 10 in Polearms
   174 | D        | Reached XP level 6. HP: 41/62 MP: 5/5
   177 | D        | Killed an orc warrior
   178 | D        | Reached skill level 11 in Polearms
   181 | D        | Reached skill level 12 in Polearms
   185 | D        | Killed a vampire mosquito
   186 | D        | Reached skill level 13 in Polearms
   186 | D        | Reached XP level 7. HP: 55/71 MP: 6/6
   191 | D        | Killed a gargoyle
   192 | D        | Reached skill level 10 in Fighting
   192 | D        | Reached skill level 14 in Polearms
   192 | D        | Reached skill level 10 in Armour
   307 | D        | Noticed a centaur warrior
   307 | D        | Noticed a cyclops
   307 | D        | Noticed a two-headed ogre
   307 | D        | Noticed a cyan ugly thing
   307 | D        | Noticed a cyan ugly thing
   307 | D        | Noticed a vampire
   313 | D        | Killed a purple ugly thing
   314 | D        | Reached skill level 15 in Polearms
   314 | D        | Reached XP level 8. HP: 83/83 MP: 7/7
   321 | D        | Killed a cyan ugly thing
   322 | D        | Reached skill level 16 in Polearms
   333 | D        | Killed a two-headed ogre
   334 | D        | Reached skill level 17 in Polearms
   334 | D        | Reached XP level 9. HP: 6/93 MP: 8/8
   334 | D        | Hit by a large rock thrown by a cyclops

Illustrated notes

Levels and vault maps discovered:
D:        linesprint [early_d, line_temple, items_1, d_10, items_2, lair_1,
          lair_end, items_3, orc_1, orc_end, items_4, d_15, swamp_1, shoals_1,
          snake_1, spider_1, d_20, vaults_1, items_5, swamp_end, shoals_end,
          snake_end, spider_end, vaults_end, d_27, items_6, zot_1, zot_end,
          crypt_end, forest_end, elf_end, slime_end, tomb_end, abyss_end,
          pan_hell_end]

Skill      XL: |  1  2  3  4  5  6  7  8 |
---------------+-------------------------+-----
Fighting       | 4 6 7 8 9 11 13 | 13.2
Polearms       | 4 8 10 13 15 17 | 17.7
Armour         | 4 6 8 9 11 13 | 13.2
Shields        | |  3.6

Action                     |  1- 3 |  4- 6 |  7- 9 || total
---------------------------+-------+-------+-------++-------
  Melee: Trident           |    26 |     8 |       ||    34
         Headbutt          |     6 |     5 |     7 ||    18
         Halberd           |       |    15 |    37 ||    52
    Use: Potion            |     1 |     1 |     2 ||     4
 Armour: Scale mail        |     6 |     1 |       ||     7
         Chain mail        |       |     9 |    13 ||    22
  Dodge: Dodged            |    10 |     7 |     6 ||    23
  Block: Buckler           |     4 |       |       ||     4
